Map: Abiogênese LE

Players

IagoAbreu

  • Race: Zerg Zerg
  • League: Gold
  • Spawn Location: 5:00

MAUMAUES - Winner!

  • Race: Terran Terran
  • League: Silver
  • Spawn Location: 11:00

VOD

Have the link to the VOD?

Description

Time

  • Played on: May 14, 2018, 12:37 p.m.
  • Length: 6:38
Show
View Real Time Build Order
Export as new Build Order

IagoAbreu Zerg 

Build Orders: Pool First 

Get SALT Encoding   

  12  0:09  Drone  
  12  0:14  Overlord  
  13  0:19  Drone  
  14  0:22  Extractor  
  14  0:27  Drone  
  14  0:46  Drone x2  
  15  1:55  Spawning Pool  
  15  1:59  Drone x3  
  15  2:00  Evolution Chamber  
  16  2:14  Drone  
  17  2:21  Drone  
  18  2:33  Hatchery  
  18  2:35  Drone  
  18  2:48  Queen  
  20  2:52  Zerg Missile Weapons Level 1  
  20  2:56  Roach Warren  
  19  2:58  Drone x2  
  21  3:18  Drone  
  22  3:20  Overlord  
  22  3:26  Overlord  
  22  3:39  Extractor  
  21  3:47  Queen  
  23  3:52  Spine Crawler  
  23  3:53  Spine Crawler  
  23  3:55  Roach  
  23  4:07  Zergling x8  
  23  4:08  Zergling x2  
  28  4:11  Roach x2  
  32  4:21  Roach  
  24  4:54  Roach x3  
  24  4:55  Roach  
  24  4:58  Hatchery  
  31  5:11  Overlord  
  31  5:13  Overlord  
  31  5:27  Lair  
  31  5:37  Roach x2  
  31  5:38  Roach  
  31  6:04  Roach  
  31  6:05  Roach x2  
  31  6:09  Overlord  
Show
View Real Time Build Order
Export as new Build Order

MAUMAUES Terran - Winner!

Build Orders:  

Get SALT Encoding   

  12  0:21  Supply Depot  
  12  0:31  Supply Depot  
  12  0:46  Barracks  
  12  0:49  SCV  
  13  1:01  SCV  
  14  1:12  Refinery  
  14  1:13  SCV  
  15  1:22  Barracks  
  15  1:25  SCV  
  16  1:34  Marine  
  16  1:37  SCV  
  18  1:46  Supply Depot  
  18  1:49  SCV  
  18  1:52  Marine  
  20  2:09  Marine, Supply Depot  
  20  2:10  Marine  
  20  2:13  SCV  
  23  2:25  SCV  
  23  2:29  Refinery  
  24  2:31  Barracks Tech Lab  
  24  2:38  Barracks Reactor  
  24  2:40  Orbital Command  
  24  2:56  Marauder  
  26  3:14  Engineering Bay  
  26  3:15  Marine x2  
  26  3:18  Marauder  
  30  3:22  SCV  
  31  3:33  Marine x2  
  33  3:34  SCV  
  33  3:39  Marauder  
  36  3:43  Factory  
  36  3:51  Marine x2  
  36  3:55  Supply Depot  
  38  4:11  Marine x3  
  41  4:21  Terran Infantry Weapons Level 1  
  41  4:29  Marine x2  
  38  4:42  Marauder  
  39  4:46  Marine  
  39  4:47  Marine  
  39  4:52  Factory Reactor  
  41  4:58  Concussive Shells  
  41  5:04  Marine, Marauder  
  41  5:05  Marine  
  45  5:18  Starport  
  45  5:22  Marine  
  45  5:23  Marine  
  45  5:25  Marauder  
  49  5:40  Marine x2  
  51  5:46  Marauder  
  50  5:58  Marine x2  
  50  6:00  Cyclone  
  55  6:08  Marauder  
Tags
 
Add a new tag
Caveats
  • Supply blocks, unpowered buildings, or Contaminate may cause inaccurate times.
  • Supply counts are checked every 10 seconds.